[Event "Early-Titled-Tuesday-Blitz-January-30-2024"]
[Site "Chess.com"]
[Date "2024.01.30"]
[Round "3"]
[White "jamengrand"]
[Black "Byniolus"]
[Result "0-1"]
[WhiteElo "2259"]
[BlackElo "2824"]
[TimeControl "180+1"]
[EndTime "8:31:13 PST"]
[Termination "Byniolus won by resignation"]

1. e4 d6 2. d4 Nf6 3. Nc3 c6 4. h3 b5 5. e5 dxe5 6. dxe5 Qxd1+ 7. Nxd1 Nd5 8. c4 bxc4 9. Bxc4 Ba6 10. Bxa6 Nxa6 11.
Nf3 e6 12. O-O Bc5 13. Ng5 O-O 14. Ne4 Bd4 15. Rb1 Bxe5 16. Ne3 Rfd8 17. Nc4 Bd4 18.
Rd1 c5 19. a3 h6 20. Kf1 f5 21. Ng3 Nac7 22. Ne2 Bf6 23. Na5 Nb5 24. Nf4 Kf7 25. Nxd5 Rxd5 26. Be3 Rc8 27. Rdc1 Bd4 28. b4 Bxe3 29.
fxe3 Rc7 30. bxc5 Nxa3 31. Rb3 Rcxc5 32. Rxc5 Rxc5 33. Rxa3 Rc2 34. Nb7 Kf6 35. Rxa7 Rc7 36. Kf2 g5 37. g3 h5 38. Kf3 Kg6 39. h4 Kf6 40. hxg5+ Kxg5 41. Kg2 e5 42. Kh3 e4 43.
Kh2 Rd7 44. Kh3 Rc7 45. Kh2 Kg4 46. Kg2 Rc2+ 47. Kf1 Kf3 48. Ke1 Kxg3 49. Nd8 h4 50.
Rg7+ Kf3 51. Rh7 Kxe3 52. Kd1 Rd2+ 53. Kc1 Rxd8 54. Rxh4 f4 55. Rh3+ f3 0-1

[Event "Early-Titled-Tuesday-Blitz-January-30-2024"]
[Site "Chess.com"]
[Date "2024.01.30"]
[Round "3"]
[White "Oleksandr_Bortnyk"]
[Black "maciek_92"]
[Result "1-0"]
[WhiteElo "3109"]
[BlackElo "2803"]
[TimeControl "180+1"]
[EndTime "8:31:14 PST"]
[Termination "Oleksandr_Bortnyk won by resignation"]

1. e4 c5 2. c3 Nf6 3. e5 Nd5 4. d4 cxd4 5. Nf3 Nc6 6. cxd4 d6 7. Bc4 e6 8. O-O Be7 9. Qe2 O-O 10. Rd1 Bd7 11. a3 Rc8 12. Nbd2 a6 13. Ne4 dxe5 14. dxe5 Na5 15. b3 Qc7 16. Bg5 Bxg5 17. Nfxg5 Qxe5 18. Nf3 Qc7 19. Rac1 Nf4 20. Qe3 Nxc4 21. Rxc4 Bc6 22.
Nf6+ gxf6 23. Rxf4 Rfd8 24. Nd4 Qe5 25. Rg4+ Kh8 26.
Qh6 Rg8 27. Nxc6 bxc6 28. Rh4 Rg7 29. Rhd4 Rcg8 30. g3 Rg6 31. Qc1 f5 32. Qxc6 f4 33. Qe4 Qxe4 34. Rxe4 fxg3 35. hxg3 Rb8 36. b4 Rb7 37.
Rd6 e5 38. Rxg6 hxg6 39. Rxe5 Kg7 40. Kg2 Rb6 41. Rc5 Kf6 42. Kf3 Ke6 43. Ke4 f6 44.
g4 Kd6 45. f4 Ke6 46. f5+ gxf5+ 47. gxf5+ Kd6 48. Rd5+ Kc6 49. Rd8 Kb5 50. Rd3 Ka4 51. Kd5 a5 52. bxa5 Kxa5 53. Rc3 Kb5 54. Rb3+ 1-0

[Event "Early-Titled-Tuesday-Blitz-January-30-2024"]
[Site "Chess.com"]
[Date "2024.01.30"]
[Round "3"]
[White "otrov-11"]
[Black "BestStelker"]
[Result "1-0"]
[WhiteElo "2513"]
[BlackElo "2665"]
[TimeControl "180+1"]
[EndTime "8:31:14 PST"]
[Termination "otrov-11 won on time"]

1. d4 Nf6 2. c4 e6 3. g3 c5 4. d5 exd5 5. cxd5 d6 6. Bg2 g6 7. Nc3 Bg7 8. Nf3 a6 9. a4 O-O 10. O-O Nbd7 11. Nd2 Re8 12. a5 b5 13. axb6 Nxb6 14.
Nb3 Nc4 15. Ra4 Nb6 16. Ra2 Bd7 17. Na5 Qc7 18. h3 Bb5 19. Re1 Nc4 20. Nxc4 Bxc4 21. Ra4 Bb5 22. Rh4 Nd7 23. Bh6 Bf6 24. Re4 Ne5 25. Qc2 Bh8 26. Kh2 Nc4 27. Bf4 Ne5 28.
g4 Rab8 29. Bg3 Nd7 30. b3 Nf6 31. Rxe8+ Rxe8 32. e4 Nd7 33. f4 Qa5 34. Rc1 Qb4 35. h4 Nf6 36. Bf3 Qd4 37. Ne2 Bxe2 38. Qxe2 Nxe4 39.
Re1 f5 40. gxf5 gxf5 41. Bh5 Re7 42. Rg1 Kf8 43. Qxa6 Rc7 44. Qa8+ Ke7 45. Qe8+ Kf6 46.
Qxh8+ Ke7 47. Qe8+ Kf6 48. Be1 Qb2+ 49. Rg2 Rg7 50.
Qf8+ 1-0

[Event "Early-Titled-Tuesday-Blitz-January-30-2024"]
[Site "Chess.com"]
[Date "2024.01.30"]
[Round "3"]
[White "arenal72"]
[Black "Nekoo04"]
[Result "0-1"]
[WhiteElo "2578"]
[BlackElo "2404"]
[TimeControl "180+1"]
[EndTime "8:31:14 PST"]
[Termination "Nekoo04 won on time"]

1. d4 Nf6 2. Nc3 e6 3. e4 d6 4. Bg5 Be7 5. Bd3 h6 6. Bf4 Nbd7 7. e5 dxe5 8. dxe5 Nd5 9. Nxd5 exd5 10. Nf3 g5 11. Bg3 Nc5 12. h4 Bg4 13. hxg5 Bxg5 14. Be2 Bxf3 15. Bxf3 c6 16. Bg4 Qb6 17. Qd4 Ne4 18.
Qxb6 axb6 19. Bh2 h5 20. Bf5 Nc5 21. Ke2 Ne6 22. c3 Ke7 23. Rhe1 h4 24. Kf1 Ra4 25. b3 Ra5 26. a4 Rha8 27. Bc2 b5 28. b4 R5a7 29. a5 b6 30. Ra2 bxa5 31. Rea1 a4 32. Re1 Bd2 33. Re2 Bxc3 34. f4 Nd4 35.
Rf2 Bxb4 36. Bd3 Bc5 37. f5 b4 38. f6+ Kd7 39. Rf4 Ne6 40. Rxh4 b3 41. Rb2 a3 42. Rxb3 a2 43. Rb1 axb1=Q+ 44. Bxb1 Ra2 45. Rh7 Ra1 46. Rxf7+ Ke8 47. Rh7 Rxb1+ 48. Ke2 Ra2+ 49. Kf3 Rf2+ 50. Kg3 Rb3+ 51. Kh4 Rxg2 52. Rh8+ Kf7 0-1

[Event "Early-Titled-Tuesday-Blitz-January-30-2024"]
[Site "Chess.com"]
[Date "2024.01.30"]
[Round "3"]
[White "Sam_ChessMood"]
[Black "Chessdreamer2020"]
[Result "0-1"]
[WhiteElo "2901"]
[BlackElo "2561"]
[TimeControl "180+1"]
[EndTime "8:31:15 PST"]
[Termination "Chessdreamer2020 won on time"]

1. d4 d5 2. c4 c6 3. Nf3 Nf6 4. Nc3 a6 5. g3 Bf5 6. Bg2 e6 7. Nh4 Bg4 8. h3 Bh5 9. g4 Nfd7 10. Qb3 b5 11. cxd5 exd5 12. Nf5 Bg6 13. e4 Bxf5 14. gxf5 b4 15. exd5 bxc3 16. dxc6 Nb6 17.
bxc3 Bd6 18. O-O O-O 19. c4 Bc7 20. c5 Nc8 21. d5 Qf6 22. Ba3 Nxc6 23. dxc6 Qe5 24.
Qg3 Qxa1 25. Rxa1 Bxg3 26. fxg3 Ra7 27. Rb1 Re8 28. Rb7 Re7 29. Bb4 a5 30. Bd2 Kf8 31.
Bf4 Ke8 32. Bd5 f6 33. Bd6 Re1+ 34. Kf2 Rd1 35. Bf7+ Kd8 36. c7+ Kd7 37. Be6+ Kc6 38. Rb6+ Nxb6 39. cxb6 Ra8 40. Bf4 Kb7 41. Be3 Rd6 0-1

[Event "Early-Titled-Tuesday-Blitz-January-30-2024"]
[Site "Chess.com"]
[Date "2024.01.30"]
[Round "3"]
[White "vlad10898"]
[Black "jeetjain"]
[Result "0-1"]
[WhiteElo "2808"]
[BlackElo "2549"]
[TimeControl "180+1"]
[EndTime "8:31:15 PST"]
[Termination "jeetjain won by resignation"]

1. e4 c6 2. d4 d5 3. exd5 cxd5 4. Bd3 Nf6 5. c3 Nc6 6. Bf4 Bg4 7. Qb3 Qd7 8. Nd2 e6 9. Ngf3 Be7 10. Ne5 Qc8 11.
Nxg4 Nxg4 12. O-O O-O 13. Qd1 Nf6 14. Qf3 Qd7 15. Qh3 g6 16. Nf3 Nh5 17. Bh6 Rfb8 18.
Rae1 b5 19. g4 Ng7 20. Ng5 Bxg5 21. Bxg5 b4 22. Qh6 bxc3 23. bxc3 Ne8 24. Re3 Rb7 25. Rfe1 a5 26. Rf3 f5 27. gxf5 exf5 28. Rfe3 Nd6 29.
Re7 Nxe7 30. Rxe7 Qxe7 31. Bxe7 Rxe7 32. Qf4 Re6 33. Bc2 a4 34. Kg2 Kf7 35. Qf3 Ra5 36.
Bd3 Ne4 37. Qh3 h5 38. c4 Nf6 39. c5 a3 40. Qg3 Ne8 41. Qb8 Re7 42. Bb5 Nf6 43. c6 Raa7 44. Qb6 Rac7 45. Ba6 Ne4 46. Bb7 g5 47. Qa5 Ke6 48. Qxa3 g4 49. Qe3 Rf7 50.
Qf4 Kf6 51. Qe5+ Kg5 52. f4+ gxf3+ 53. Kxf3 h4 54. Qxe4 fxe4+ 0-1

[Event "Early-Titled-Tuesday-Blitz-January-30-2024"]
[Site "Chess.com"]
[Date "2024.01.30"]
[Round "3"]
[White "TokChess"]
[Black "kai_nov"]
[Result "1-0"]
[WhiteElo "2530"]
[BlackElo "2273"]
[TimeControl "180+1"]
[EndTime "8:31:16 PST"]
[Termination "TokChess won by checkmate"]

1. c4 e5 2. g3 Nf6 3. Bg2 Nc6 4. Nc3 Bb4 5. Nd5 O-O 6. Nxb4 Nxb4 7. Nf3 e4 8. Nd4 c5 9. Nc2 Nxc2+ 10. Qxc2 Re8 11. d3 d5 12. O-O exd3 13. Qxd3 d4 14. Bf4 Qb6 15. b3 Bg4 16. Rfe1 Bh5 17. e4 dxe3 18. Rxe3 Bg6 19. Qe2 Rxe3 20. Bxe3 Re8 21. Rd1 Bh5 22. Bf3 Bxf3 23. Qxf3 h6 24. Qf5 Ne4 25.
Rd7 Qe6 26. Qxe6 Rxe6 27. Rxb7 Ra6 28. a4 Rb6 29. Rxb6 axb6 30. Kf1 Kf8 31. Ke2 Ke7 32.
Kd3 Nf6 33. a5 bxa5 34. Bxc5+ Kd7 35. Bb6 Kc6 36. Bxa5 Ng4 37. f3 Nxh2 38. Ke2 g5 39.
g4 f5 40. gxf5 Kd6 41. b4 h5 42. c5+ Ke5 43. Bc7+ Kxf5 44. Bxh2 Ke6 45. b5 Kd5 46. b6 Kc6 47. Bd6 h4 48. Kf2 h3 49. Kg3 g4 50.
fxg4 h2 51. Kxh2 Kb5 52. Kg3 Kc4 53. Kf4 Kd3 54. Ke5 Kc4 55. b7 Kd3 56. b8=Q Kc4 57.
c6 Kd3 58. Qb3+ Ke2 59. Ke4 Kf2 60. Qf3+ Ke1 61. Qg2 Kd1 62. Kd3 Kc1 63. Qc2# 1-0

[Event "Early-Titled-Tuesday-Blitz-January-30-2024"]
[Site "Chess.com"]
[Date "2024.01.30"]
[Round "3"]
[White "kekic76"]
[Black "HelvertHernandez"]
[Result "1-0"]
[WhiteElo "2344"]
[BlackElo "1867"]
[TimeControl "180+1"]
[EndTime "8:31:16 PST"]
[Termination "kekic76 won by resignation"]

1. e4 c5 2. Nf3 Nc6 3. d4 cxd4 4. Nxd4 Nf6 5. Nc3 e5 6. Ndb5 d6 7. Bg5 a6 8. Na3 b5 9. Nd5 Be7 10. Bxf6 Bxf6 11. c3 O-O 12. Be2 Bg5 13. Bg4 Ne7 14.
Bxc8 Rxc8 15. Nc2 Nxd5 16. Qxd5 Rc5 17. Qd3 d5 18. Rd1 dxe4 19. Qxe4 Qe7 20. O-O f5 21.
Qd3 e4 22. Qd6 Qxd6 23. Rxd6 Rd8 24. Rfd1 Rcc8 25. Kf1 Rxd6 26. Rxd6 Rd8 27. Rxd8+ Bxd8 28. Ke2 Bb6 29. Nb4 a5 30. Nd5 Bd8 31. b3 Kf7 32. Ne3 Ke6 33. c4 bxc4 34. Nxc4 Bc7 35. h3 g5 36. a3 f4 37. f3 e3 38. Kd3 Kd5 39. Nb2 Bd6 40. Nc4 Bc7 41. a4 Kc5 42. Kc2 Kb4 43.
Nb2 Bd6 44. Nd3+ Ka3 45. Nc1 e2 46. Nxe2 Bc5 47. Nc3 Be3 48. Ne4 Kb4 49. Nxg5 h5 50. Ne4 h4 51. Ng5 Kc5 52. Ne4+ Kb4 53. Nd6 Bc5 54.
Nc4 Bf2 55. Nb2 Bg3 56. Nd3+ Ka3 57. Kc3 Ka2 58. b4 axb4+ 59. Kxb4 Bh2 60. a5 Bg1 61.
Nc5 Kb2 62. a6 Kc2 63. a7 Bxc5+ 64. Kxc5 Kd3 65. a8=Q Ke3 66. Qe4+ Kf2 67. Qxf4 Kxg2 68. Qg4+ Kf2 69. f4 1-0

[Event "Early-Titled-Tuesday-Blitz-January-30-2024"]
[Site "Chess.com"]
[Date "2024.01.30"]
[Round "3"]
[White "Zurability"]
[Black "GHANDEEVAM2003"]
[Result "1-0"]
[WhiteElo "2783"]
[BlackElo "3054"]
[TimeControl "180+1"]
[EndTime "8:31:17 PST"]
[Termination "Zurability won by resignation"]

1. Nf3 d6 2. d4 g6 3. e4 Bg7 4.
Nc3 Nc6 5. Be3 Bg4 6. d5 Ne5 7.
Bb5+ c6 8. Nxe5 Bxd1 9. dxc6 bxc6 10. Bxc6+ Kf8 11. Nd7+ Qxd7 12. Bxd7 Bxc3+ 13. bxc3 Bxc2 14. f3 Nf6 15. Bc6 Rc8 16. Bb5 Rb8 17. a4 Kg7 18.
Bxa7 Ra8 19. Be3 Rhc8 20. Kd2 Bb3 21. Rhb1 Bc4 22. a5 Bxb5 23. Rxb5 Nd7 24. a6 Kf8 25.
a7 Ne5 26. Bd4 Nc4+ 27. Ke2 Ke8 28. Rb7 e5 29. Bf2 d5 30. exd5 Nd6 31. Rb3 Kd7 32. Rab1 Kc7 33. Rb6 f5 34. Rc6+ Kd7 35. Rbb6 Rxc6 36.
Rxc6 Nc8 37. Ra6 Kc7 38. c4 Kb7 39. Ra2 Kc7 40. Be3 Kd7 41. Kd3 Kc7 42. Bf2 h5 43.
g3 Kd6 44. Ra6+ Ke7 45. Rc6 e4+ 46. fxe4 fxe4+ 47. Kxe4 Nd6+ 48. Ke5 Nf7+ 49. Kd4 Kd7 50. Rf6 Ke7 51. Re6+ Kd7 52. Kc3 Ng5 53. Rxg6 Ne4+ 54. Kd4 Nxf2 55. c5 Ke7 56. Rg7+ Kf6 57. Rb7 Ng4 58.
c6 Nh6 59. c7 Nf5+ 60. Kc5 Ne7 61. d6 Nc8 62. d7 1-0

[Event "Early-Titled-Tuesday-Blitz-January-30-2024"]
[Site "Chess.com"]
[Date "2024.01.30"]
[Round "3"]
[White "maximnovik"]
[Black "Preobrazhenska_D2011"]
[Result "1-0"]
[WhiteElo "2591"]
[BlackElo "2372"]
[TimeControl "180+1"]
[EndTime "8:31:19 PST"]
[Termination "maximnovik won on time"]

1. e4 c5 2. Nf3 d6 3. d4 cxd4 4.
Nxd4 Nf6 5. Nc3 a6 6. a4 e5 7. Nf3 Be7 8. Bg5 Be6 9. Bxf6 Bxf6 10. Nd5 Nd7 11. Bc4 O-O 12. O-O Bxd5 13. Bxd5 Qc7 14. c3 Rad8 15. a5 Nc5 16. Qe2 Ne6 17. g3 Be7 18.
Rfd1 Kh8 19. Kg2 Qc8 20. Qc4 Nf4+ 21. Kh1 Qg4 22. Ng1 Ne6 23. Qe2 Qg6 24. Nf3 f5 25.
Nd2 f4 26. Bxb7 Ng5 27. Bxa6 f3 28. Qe3 d5 29. exd5 Qxa6 30. h4 Nf7 31. Qxf3 Nd6 32. Qe3 Rf5 33. b3 Rdf8 34. Rf1 Qc8 35. c4 Rh5 36. Kg2 Qg4 37. Rh1 e4 38. a6 Bf6 39.
Rae1 Be5 40. Nxe4 Nxe4 41. Qxe4 Qd7 42. g4 Rh6 43. g5 Rd6 44. Qxe5 Rxa6 45. Qe4 Ra2 46.
Re3 Raxf2+ 47. Kg3 Qd6+ 48. Qe5 Qc5 49. Rhe1 Ra2 50.
h5 Qa3 51. h6 Rg8 52. hxg7+ Rxg7 53. Qe8+ Rg8 54. Qe5+ Rg7 55. Qf6 Qa8 56. Re8+ 1-0

[Event "Early-Titled-Tuesday-Blitz-January-30-2024"]
[Site "Chess.com"]
[Date "2024.01.30"]
[Round "3"]
[White "RobertJFischer71"]
[Black "GrotBchess"]
[Result "0-1"]
[WhiteElo "2549"]
[BlackElo "2301"]
[TimeControl "180+1"]
[EndTime "8:31:20 PST"]
[Termination "GrotBchess won by resignation"]

1. e4 c5 2. Nf3 e6 3. d4 cxd4 4. Nxd4 Nc6 5. Nc3 Qc7 6. g3 a6 7. Bg2 Nf6 8. Qe2 Nxd4 9. Qd1 Nc6 10. O-O Be7 11. f4 d6 12. g4 h6 13. Be3 b5 14.
a3 Bb7 15. g5 hxg5 16. fxg5 Nd7 17. g6 fxg6 18. Qg4 Nce5 19. Qxe6 Qc4 20. Nd5 Bxd5 21.
exd5 Qg4 22. Rae1 Rc8 23. c3 Qxe6 24. dxe6 Nc5 25. Bd5 Rh3 26. Bd4 Ncd3 27. Re2 Bf6 28.
Kg2 Rh4 29. Kg3 Rg4+ 30. Kh3 Nf4+ 31. Rxf4 Rxf4 32. Bb7 Rb8 33. Bxa6 Ke7 34. b3 Rh8+ 35. Kg2 Ng4 36. Bxf6+ gxf6 37. h3 Ne5 38. Bxb5 Rb8 39.
c4 Kxe6 40. a4 Rd4 41. a5 Rd3 42. Rb2 Ra8 43. a6 Rd4 44. Ra2 d5 45. a7 dxc4 46.
Ra6+ Rd6 47. Ra3 c3 48. b4 c2 49. Rc3 Rxa7 50. Rxc2 Rb7 51. Rc5 Rdb6 52. Be2 Rxb4 53. Rc8 Rb2 54. Kf2 R7b4 55. Rc3 Rf4+ 56. Ke1 Re4 0-1

[Event "Early-Titled-Tuesday-Blitz-January-30-2024"]
[Site "Chess.com"]
[Date "2024.01.30"]
[Round "3"]
[White "ChEsper99"]
[Black "Felix-Rose"]
[Result "1-0"]
[WhiteElo "2134"]
[BlackElo "2376"]
[TimeControl "180+1"]
[EndTime "8:31:20 PST"]
[Termination "ChEsper99 won on time"]

1. d4 d5 2. c4 e6 3. Nc3 Nf6 4.
Nf3 Be7 5. Bg5 Nbd7 6. e3 h6 7. Bh4 O-O 8. Qc2 c5 9. cxd5 Nxd5 10. Bxe7 Qxe7 11. Be2 Nxc3 12. bxc3 b6 13. O-O Bb7 14. a4 Rfc8 15. Qb3 a6 16. Rfd1 Rab8 17. c4 cxd4 18. exd4 a5 19. Rac1 Rc7 20. Qb5 Bc6 21. Qb3 Bxf3 22.
Bxf3 Rbc8 23. g3 e5 24. d5 Qf6 25. d6 Ra7 26. Bd5 Rb8 27. Qb5 Kf8 28. Bc6 Nc5 29.
Rc2 g6 30. Re2 Kg7 31. Rd5 h5 32. Rxc5 Qxd6 33. Rcxe5 Rc7 34. Bd5 Rc5 35. Qb2 Rd8 36. Re6+ f6 37. Rxd6 Rxd6 38. Re7+ Kh6 39. Qd2+ g5 40. Qd3 g4 41. Rh7+ Kg5 42. h4+ gxh3 43. Kh2 Rcxd5 44. cxd5 f5 45. Kxh3 Kf6 46. f4 1-0

[Event "Early-Titled-Tuesday-Blitz-January-30-2024"]
[Site "Chess.com"]
[Date "2024.01.30"]
[Round "3"]
[White "Sadykov_Ramil"]
[Black "SergioMoralesG"]
[Result "1/2-1/2"]
[WhiteElo "2608"]
[BlackElo "2450"]
[TimeControl "180+1"]
[EndTime "8:31:21 PST"]
[Termination "Game drawn by repetition"]

1. e4 c5 2. Nf3 e6 3. d4 cxd4 4. Nxd4 Nc6 5. Nc3 Qc7 6. Be3 a6 7. Qf3 Nf6 8. O-O-O Ne5 9. Qg3 b5 10. Bf4 d6 11. Bxb5+ axb5 12. Ndxb5 Qb8 13. Rxd6 Nh5 14.
Qg5 Bxd6 15. Nxd6+ Qxd6 16. Bxe5 Ra5 17. Nd5 Qd7 18.
Qxh5 exd5 19. Bxg7 Rg8 20. Qxh7 Rxg7 21. Qxg7 Rxa2 22.
Kb1 Qa7 23. b3 d4 24. Qg8+ Ke7 25. Qg5+ Kd7 26. Qb5+ Kc7 27. Qe5+ Kb7 28. Qd5+ Kb8 29. Qd6+ Ka8 30. Qc6+ Kb8 31. Qd6+ Kb7 32. Qe7+ Kc6 33. Qxa7 Rxa7 34. h4 Kd6 35. f4 Bb7 36. e5+ Ke6 37.
Rg1 Kf5 38. g3 Kg4 39. Kb2 Be4 40. c3 d3 41. c4 Rd7 42. Kc3 d2 43. Rd1 Kxg3 44.
Rxd2 Rxd2 45. Kxd2 Kxf4 46. b4 Kxe5 47. Ke3 Bg6 48.
b5 f5 49. b6 f4+ 50. Kf3 Bh5+ 51. Kf2 Kd6 52. c5+ Kc6 53. Kg2 Kb7 54. Kf2 Kc6 55.
Kg2 Kb7 56. Kf2 Kc6 1/2-1/2

[Event "Early-Titled-Tuesday-Blitz-January-30-2024"]
[Site "Chess.com"]
[Date "2024.01.30"]
[Round "3"]
[White "NewYearGirl"]
[Black "AsterPhoenix"]
[Result "0-1"]
[WhiteElo "2369"]
[BlackElo "2588"]
[TimeControl "180+1"]
[EndTime "8:31:22 PST"]
[Termination "AsterPhoenix won by resignation"]

1. e4 c5 2. Nf3 e6 3. d4 cxd4 4.
Nxd4 Nf6 5. Nc3 Bb4 6. e5 Nd5 7. Qg4 Kf8 8. Bd2 h5 9. Qf3 Qa5 10. Be2 Nxc3 11. bxc3 Be7 12. O-O Qxe5 13. Bf4 Qf6 14.
Nb5 Na6 15. Rfe1 g5 16. Be3 Qxf3 17. Bxf3 d5 18. Bd4 f6 19. g4 hxg4 20. Bxg4 e5 21.
Bxc8 Rxc8 22. Bxa7 Kf7 23. Rad1 Rhd8 24. Bb6 Rd7 25.
a4 Nc5 26. a5 Na4 27. Re3 Nxb6 28. axb6 Bc5 29. Red3 Ke6 30. Nc7+ Kf5 31. Nxd5 Rh7 32. c4 e4 33. Rg3 Bd6 34. Ne3+ Ke6 35. Rg4 Bxh2+ 36.
Kf1 Bf4 37. Ke2 Rh2 38. Ng2 Kf5 39. Nxf4 Kxg4 40. Nd5 Rc6 41. Rd4 f5 42. Ne3+ Kf4 43. Rd5 Rf6 44. c5 g4 45. Nf1 Rh8 46. c4 Rc8 47. Ne3 Rff8 48. Rd7 g3 49. fxg3+ Kxg3 50. Rxb7 f4 51. Rg7+ Kh4 52. Ng2+ Kh5 53. Kf2 Rxc5 54. b7 Rxc4 55. Nxf4+ Rxf4+ 56. Ke3 Rf8 57. Re7 Rb4 58. Rh7+ Kg6 59. Rc7 Rb8 0-1

[Event "Early-Titled-Tuesday-Blitz-January-30-2024"]
[Site "Chess.com"]
[Date "2024.01.30"]
[Round "3"]
[White "Mikayel99"]
[Black "mary-sanna"]
[Result "0-1"]
[WhiteElo "2541"]
[BlackElo "2204"]
[TimeControl "180+1"]
[EndTime "8:31:24 PST"]
[Termination "mary-sanna won on time"]

1. d4 d5 2. e3 Nf6 3. Bd3 c5 4. b3 Nc6 5. Bb2 Bg4 6. Ne2 e6 7. h3 Bh5 8. Nd2 cxd4 9. exd4 Bd6 10. a3 O-O 11. O-O Rc8 12. c4 Bb8 13. g4 Qc7 14.
Ng3 Bg6 15. Be2 Ne4 16. Ndxe4 Bxe4 17. c5 h5 18. f4 hxg4 19. hxg4 Bg6 20. Rc1 Qe7 21.
Kg2 f6 22. Bd3 Bxd3 23. Qxd3 Kf7 24. Rce1 Rh8 25. Rh1 Bxf4 26. Nf5 Qc7 27. Nh4 Rh6 28. Bc1 Rch8 29. Nf3 Rxh1 30. Rxh1 Rxh1 31. Kxh1 Bxc1 32. Qd1 Bf4 33. Qe2 Bh6 34. b4 Qf4 35. b5 Qc1+ 36.
Kg2 Nd8 37. Qf2 Qf4 38. Qh4 Bg5 39. Qh5+ Ke7 40. Qg6 Qxg4+ 41. Kf1 Qxf3+ 42. Ke1 Qg3+ 43. Ke2 Qf4 44. Qxg7+ Nf7 45. Qg8 Qe3+ 46. Kf1 Bh4 47. Kg2 Qf2+ 48. Kh3 Qg3+ 49. Qxg3 Bxg3 50. Kxg3 e5 51.
a4 exd4 52. a5 Kd7 53. Kf3 Ne5+ 54. Kf4 d3 55. Ke3 f5 56. Kd2 Kc7 57. Kc3 f4 0-1

[Event "Early-Titled-Tuesday-Blitz-January-30-2024"]
[Site "Chess.com"]
[Date "2024.01.30"]
[Round "3"]
[White "NikolaGry"]
[Black "secretsuperstar7"]
[Result "1-0"]
[WhiteElo "2734"]
[BlackElo "2506"]
[TimeControl "180+1"]
[EndTime "8:31:25 PST"]
[Termination "NikolaGry won by resignation"]

1. b3 e5 2. Bb2 Nc6 3. c4 Nf6 4. e3 d5 5. cxd5 Nxd5 6. a3 Bd6 7. d3 O-O 8. Nf3 Bg4 9. Be2 a5 10. Nbd2 Qe7 11. O-O Bc5 12. Nc4 f6 13. Nfxe5 fxe5 14.
Bxg4 b5 15. Bf3 Rad8 16. Nd2 Nxe3 17. fxe3 Bxe3+ 18. Kh1 Rxd3 19. Qe2 Rxd2 20. Qxe3 Rxb2 21. Bd5+ Kh8 22. Bxc6 Qxa3 23. Rxf8+ Qxf8 24. Bxb5 Qa8 25. Bf1 Qd5 26. Qc3 Rxb3 27. Qxc7 h6 28. Qxa5 Qd4 29. Qe1 Re3 30. Qd1 Qf4 31. h3 e4 32. Qc2 Qg3 33. Qc8+ Kh7 34. Qf5+ Qg6 35. Qxg6+ Kxg6 36. Kg1 Rc3 37.
Ra5 e3 38. Re5 Kf6 39. Re8 Kf5 40. Be2 Kf4 41. Bf3 Kg3 42. Kf1 Rc1+ 43. Ke2 Rc3 44. Rxe3 Rc2+ 45. Kd3 Rc7 46. Ke4 Re7+ 47. Kd4 Rd7+ 48.
Kc5 Rc7+ 49. Kd6 Rc1 50. Re6 g5 51. Rxh6 Kf4 52. Rf6+ Kg3 53. Ke6 Re1+ 54. Kf5 Re3 55. Kxg5 Re5+ 56. Rf5 Re6 57. h4 Re8 58. h5 Rg8+ 59.
Kf6 Rf8+ 60. Kg6 Rg8+ 61. Kh7 1-0

[Event "Early-Titled-Tuesday-Blitz-January-30-2024"]
[Site "Chess.com"]
[Date "2024.01.30"]
[Round "3"]
[White "TERMINATOR_PC"]
[Black "Dinamo3"]
[Result "0-1"]
[WhiteElo "2620"]
[BlackElo "2480"]
[TimeControl "180+1"]
[EndTime "8:31:25 PST"]
[Termination "Dinamo3 won by resignation"]

1. e4 c5 2. Nf3 Nc6 3. d4 cxd4 4.
Nxd4 g6 5. c4 Nf6 6. Nc3 Nxd4 7. Qxd4 d6 8. Be2 Bg7 9. Be3 O-O 10. Qd2 a5 11. f3 a4 12. Rd1 Qa5 13.
Nd5 Nxd5 14. cxd5 Bxb2 15. Qxa5 Rxa5 16. Bb6 Ra8 17. Bb5 f5 18. Kd2 a3 19. Kc2 fxe4 20.
fxe4 Bg4 21. Rdf1 Rac8+ 22. Kd2 Bc3+ 23. Kd3 Bb4 24. h3 Rc3+ 25. Kd4 e5+ 26. dxe6 Bxe6 27. Rxf8+ Kxf8 28. Rb1 Rg3 29. Rxb4 Rxg2 30. Bc4 Bxc4 31. Kxc4 Rxa2 32. Bd4 Re2 33. Kd5 a2 34. Rxb7 Rd2 35. Ra7 g5 36. Kc4 h5 37. Bc3 Re2 38. Kd5 g4 39.
hxg4 hxg4 40. Kd4 g3 41. Kd3 g2 42. Bd4 Rb2 43. Kc3 Re2 44. Kd3 Rb2 45. Bxb2 g1=Q 46.
Rxa2 Qb6 47. Ra8+ Kf7 48. Bd4 Qb5+ 49. Ke3 Qb3+ 50. Kf4 Qc4 51. Ra7+ Ke6 52. Be3 Qc3 53. Ra6 Qe5+ 54. Kf3 Qh5+ 55. Kf4 Qh4+ 56. Kf3 Qh3+ 57. Ke2 Qg2+ 58. Kd3 Qf1+ 59. Kd4 Qxa6 0-1

[Event "Early-Titled-Tuesday-Blitz-January-30-2024"]
[Site "Chess.com"]
[Date "2024.01.30"]
[Round "3"]
[White "Alexei_Gubajdullin"]
[Black "JimDiGrease"]
[Result "1/2-1/2"]
[WhiteElo "2630"]
[BlackElo "2935"]
[TimeControl "180+1"]
[EndTime "8:31:26 PST"]
[Termination "Game drawn by repetition"]

1. Nf3 d5 2. g3 Nf6 3. Bg2 c5 4. O-O e6 5. b3 Be7 6. Bb2 O-O 7. e3 b5 8. Ne5 Bb7 9. f4 Nfd7 10. d3 Bf6 11. Nd2 Qc7 12. Ndf3 h6 13. Qe1 Nc6 14. Nxd7 Qxd7 15. Bxf6 gxf6 16. g4 Kg7 17.
Qh4 Rh8 18. Qg3 Rag8 19. Rad1 Kf8 20. e4 Ne7 21. Qh4 Kg7 22. e5 f5 23. Qf6+ Kf8 24. g5 d4 25. gxh6 Nd5 26. Qh4 Ne3 27. Rd2 Qe7 28.
Ng5 Bxg2 29. Rxg2 Nxg2 30. Kxg2 Rg6 31. h7 Kg7 32. Kf2 Rxg5 33. Qxg5+ Qxg5 34. fxg5 Rxh7 35. Kg3 Kg6 36. h4 Rh8 37. Rc1 Rd8 38. Rh1 Kh5 39. Rb1 Rc8 40. a4 a6 41. axb5 axb5 42. Ra1 Rc7 43. Ra5 c4 44. bxc4 bxc4 45. Ra4 cxd3 46.
cxd3 Rc1 47. Rxd4 Rg1+ 48. Kf2 Rg4 49. Rd7 Kg6 50. h5+ Kxh5 51. Rxf7 Rxg5 52. Rf6 Rg6 53. Rxg6 Kxg6 54. d4 f4 55. Kg2 Kg5 56. Kf2 Kf5 57.
Kf3 Kg5 58. Kf2 Kh5 59. Kf3 Kg5 60. Kf2 1/2-1/2

[Event "Early-Titled-Tuesday-Blitz-January-30-2024"]
[Site "Chess.com"]
[Date "2024.01.30"]
[Round "3"]
[White "LiadCuba"]
[Black "Dinosaurio_1975"]
[Result "1-0"]
[WhiteElo "2451"]
[BlackElo "2594"]
[TimeControl "180+1"]
[EndTime "8:31:26 PST"]
[Termination "LiadCuba won by resignation"]

1. d4 d5 2. c4 e6 3. Nc3 Nf6 4. Bg5 dxc4 5. e4 b5 6. e5 h6 7.
Bh4 g5 8. Bg3 Nd5 9. h4 Bb4 10.
Rc1 c5 11. Ne2 Nc6 12. hxg5 Qxg5 13. dxc5 Bb7 14. f4 Qg6 15. a3 Bxc5 16. Nxd5 O-O-O 17. Qc2 exd5 18. Qxg6 fxg6 19. Nc3 a6 20. Bh4 Be7 21. Rd1 Bxh4+ 22. Rxh4 Ne7 23. Ne2 Nf5 24. Rh3 d4 25. g4 Ne3 26. Rxd4 Rxd4 27. Nxd4 Nxg4 28. Rg3 h5 29.
Bh3 Rd8 30. Ne6 Re8 31. Nc5 g5 32. Bxg4+ hxg4 33. Rxg4 gxf4 34. Rg5 Bc6 35. Kd2 Rd8+ 36. Kc3 f3 37. Rf5 Kc7 38. Ne6+ Kd7 39. Nxd8 Kxd8 40.
Kd4 Ke7 41. Rf6 Kd7 42. Kc5 Be4 43. Rf4 Ba8 44. Rf6 Be4 45. Kd4 Bb7 46. Rd6+ Kc7 47. Rf6 Kd7 48. Rf7+ Kc6 49. Rxf3 Kb6 50. Rf6+ Ka5 51.
Kc5 Ka4 52. Rb6 Bc8 53. e6 Kb3 54. e7 Bd7 55. Rd6 Be8 56. Rd2 a5 57. Rf2 b4 58.
axb4 axb4 59. Kd4 c3 60. bxc3 bxc3 61. Rf3 Kb4 62. Rxc3 Kb5 63. Rc8 Bd7 64. e8=Q Bxe8 65. Rxe8 1-0

[Event "Early-Titled-Tuesday-Blitz-January-30-2024"]
[Site "Chess.com"]
[Date "2024.01.30"]
[Round "3"]
[White "KVAIDAN"]
[Black "MikaelyanArman"]
[Result "0-1"]
[WhiteElo "2354"]
[BlackElo "2834"]
[TimeControl "180+1"]
[EndTime "8:31:28 PST"]
[Termination "MikaelyanArman won on time"]

1. f4 c5 2. Nf3 g6 3. d3 Bg7 4. e4 d6 5. Nc3 Nc6 6. Be2 Rb8 7. a4 a6 8. O-O b5 9. axb5 axb5 10.
Qe1 b4 11. Nd1 Bb7 12. Ne3 Ra8 13. Rxa8 Qxa8 14. Qg3 Nf6 15. e5 Nh5 16. Qh4 dxe5 17. Nd5 Qd8 18. c4 bxc3 19. Nxc3 exf4 20. Ng5 Bd4+ 21.
Kh1 Ng7 22. Qxf4 Nf5 23. Nb5 Be5 24. Qf2 O-O 25. Qxc5 Bg7 26. Ne4 Ncd4 27. Nxd4 Nxd4 28. Bd1 Qd5 29. Qxd5 Bxd5 30. b4 Rb8 31. Bd2 Nc6 32. Nc3 Nxb4 33. Nxd5 Nxd5 34. Bf3 e6 35. h3 h5 36. Rc1 Rb2 37. Rc8+ Kh7 38. Bg5 Rb1+ 39. Kh2 Be5+ 40. g3 Rb2+ 41. Kg1 Kg7 42. Bh4 Bd4+ 43.
Kh1 Rb1+ 44. Kg2 Ne3+ 45. Kh2 Nf5 46. Rc4 Rb2+ 47. Kh1 Rb1+ 48. Kh2 Bg1+ 49. Kg2 Ne3+ 50. Kh1 Bf2+ 51. Kh2 Nxc4 52. dxc4 Bd4 53. Bg5 Rb2+ 54. Kh1 Rc2 55. Bf4 Rxc4 56. Be2 Rc3 57. Kg2 e5 58. Bg5 Rc2 59. Kf3 f6 0-1